 Dungeon Crawl Stone Soup version 0.23-a0-141-g456867d (webtiles) character file.

7417 galech the Cleaver (level 10, -2/80 HPs)
             Began as a Demonspawn Monk on Aug 31, 2018.
             Was a High Priest of Okawaru.
             Slain by an ogre
             ... wielding a +0 giant club
              (9 damage)
             ... on level 10 of the Dungeon.
             The game lasted 00:16:50 (10142 turns).

galech the Cleaver (Demonspawn Monk)               Turns: 10142, Time: 00:16:51

Health: -2/80      AC: 20    Str: 13    XL:     10   Next: 93%
Magic:  9/11       EV:  7    Int: 11    God:    Okawaru [*****.]
Gold:   416        SH: 16    Dex: 18    Spells: 9/9 levels left

rFire    . . .     SeeInvis .   a - +1 hand axe
rCold    + + .     Gourm    .   s - +0 shield
rNeg     + . .     Faith    .   k - +1 plate armour
rPois    .         Spirit   .   b - +0 helmet
rElec    +         Reflect  .   (no cloak)
rCorr    +         Harm     .   (no gloves)
MR       +....                  x - +1 pair of boots {Stlth+}
Stlth    ..........             I - amulet "Tyjoset" {+Rage rElec rN+ MR+}
HPRegen  0.23/turn              A - ring of resist corrosion
MPRegen  0.12/turn              D - ring of protection from cold

@: lethally poisoned (-2 -> -30), heroism
A: talons 2, large bone plates 1, cold resistance 1, spiny 2, freezing cloud
immunity
a: Heroism, Finesse, Renounce Religion, Evoke Berserk Rage


You were on level 10 of the Dungeon.
You worshipped Okawaru.
Okawaru was extremely pleased with you.
You were not hungry.

You visited 2 branches of the dungeon, and saw 11 of its levels.

You collected 416 gold pieces.

Inventory:

Hand Weapons
 a - a +1 hand axe (weapon)
Armour
 b - a +0 helmet (worn)
 k - a +1 plate armour (worn)
 s - a +0 shield (worn)
 x - a +1 pair of boots of stealth (worn)
 E - a +2 robe of magic resistance
 J - a +0 robe of positive energy
Jewellery
 A - a ring of resist corrosion (left hand)
 D - a ring of protection from cold (right hand)
 G - an uncursed amulet of the gourmand {unknown}
 I - the amulet "Tyjoset" (around neck) {+Rage rElec rN+ MR+}
   (You took it off a kobold on level 8 of the Dungeon)

   [amulet of rage]

   It insulates you from electricity.
   It protects you from negative energy.
   It affects your resistance to hostile enchantments.
   It lets you go berserk.
 K - an uncursed ring of magical power
Wands
 j - a wand of disintegration (9)
 q - a wand of scattershot (4)
 u - a wand of random effects (28)
 B - a wand of digging (17)
 C - a wand of flame (30)
 N - a wand of iceblast (8)
Scrolls
 d - 3 scrolls of amnesia
 f - 3 scrolls of identify
 g - 6 scrolls of remove curse
 l - 2 scrolls of fear
 m - 4 scrolls of teleportation
 r - a scroll of fog
 t - a scroll of silence
 y - a scroll of noise
 F - 2 scrolls of blinking
 H - 2 scrolls of enchant weapon
Potions
 e - 2 potions of lignification {unknown}
 h - 3 potions of curing {unknown}
 i - 3 potions of haste {unknown}
 n - 3 potions of degeneration {unknown}
 o - 2 potions of brilliance {unknown}
 p - 3 potions of heal wounds {unknown}
 v - a potion of berserk rage {unknown}
 w - a potion of mutation {unknown}
 z - a potion of resistance
 L - 3 potions of cancellation {unknown}
 M - 2 potions of might
Comestibles
 c - 28 rations
 O - 15 chunks of flesh


   Skills:
 + Level 8.0(13.0) Fighting
 + Level 9.8(14.8) Axes
 + Level 6.5(11.5) Armour
 + Level 3.7(8.7) Dodging
 + Level 2.1(7.1) Stealth
 + Level 7.0(12.0) Shields
 + Level 1.7 Invocations


You had 9 spell levels left.
You didn't know any spells.
Your spell library contained the following spells:

 Spells                   Type           Power        Failure   Level  Hunger
 Animate Skeleton         Necr           N/A          100%        1    ##.....
 Apportation              Tloc           #.....       100%        1    ##.....
 Confusing Touch          Hex            #.....       100%        1    ##.....
 Freeze                   Ice            #...         100%        1    ##.....
 Shock                    Conj/Air       #...         100%        1    ##.....
 Summon Small Mammal      Summ           #...         100%        1    ##.....
 Poisonous Vapours        Pois/Air       #.....       100%        2    ###....
 Ozocubu's Armour         Chrm/Ice       #.......     100%        3    ####...
 Throw Icicle             Conj/Ice       #.......     100%        4    #####..
 Irradiate                Conj/Tmut      #.........   100%        5    ######.
 Hydra Form               Tmut           #.........   100%        6    #######
 Statue Form              Tmut/Erth      #........    100%        6    #######
 Dragon Form              Tmut           #.........   100%        7    #######
 Tornado                  Air            #.........   100%        9    #######


Dungeon Overview and Level Annotations

Branches:
Dungeon (10/15)            Temple (1/1) D:4
   Lair: D:8-11         Orc: D:9-12

Altars:
Ashenzari
Cheibriados
Dithmenos
Elyvilon
Fedhas
Gozag
Hepliaklqana
Kikubaaqudgha
Makhleb
Nemelex Xobeh
Okawaru
Qazlal
Ru
Trog
Uskayaw
Vehumet
Wu Jian
Xom
Zin
The Shining One

Annotations:
D:8 1 transporter


Innate Abilities, Weirdness & Mutations

You have razor-sharp toenails.
You are partially covered in large bone plates. (SH +4)
Your flesh is cold resistant. (rC+)
You are mostly covered in sharp spines.
You are immune to freezing clouds.


Message History

You hit the ogre. You hit the gnoll sergeant.
You feel sick. You block the ogre's attack.
The gnoll sergeant hits you but does no damage.
You are lethally poisoned!
The gnoll sergeant is struck by your spines.
The gnoll sergeant hits you but does no damage.
You hit the gnoll sergeant but do no damage.
The gnoll sergeant is lightly wounded.
You hit the ogre. You hit the gnoll sergeant.
You feel sick.
You hit the gnoll sergeant but do no damage.
The gnoll sergeant is lightly wounded.
You hit the gnoll sergeant.
You kill the gnoll sergeant!
Okawaru accepts your kill.
You hit the ogre but do no damage. You hit the ogre.
You feel sick. The ogre hits you with a giant club!!
* * * LOW HITPOINT WARNING * * *
You block the gnoll sergeant's attack. The ogre is struck by your spines.
The ogre hits you with a giant club!
You die...

#..............
'..............
#...............
#................
#................
#................
#......gO........
#.....)@O........
.....#
#................
.....#
#######...)......
.....# #..........
.....#
##########)########
.)...# #........?...#
.....# #.......)....#
.....# #......).....#
.....###.....)).....#


You could see 2 ogres and a gnoll sergeant.

Vanquished Creatures
  A two-headed ogre (D:9)
  A hornet (D:9)
  2 hippogriffs
  Sigmund (D:3)
  2 hungry ghosts
  2 soldier ants (D:9)
  3 orc warriors
  3 sky beasts
  A black bear (D:6)
  A necrophage (D:9)
  2 ice beasts
  An eye of draining (D:9)
  3 phantoms
  6 ogres
  2 centaurs (D:8)
  3 big kobolds
  6 bullfrogs
  2 gnoll sergeants
  A water moccasin zombie (D:6)
  A wyvern skeleton (D:6)
  4 scorpions
  A water moccasin skeleton (D:6)
  9 killer bees (D:10)
  5 wights (D:8)
  2 electric eels (D:5)
  A howler monkey (D:8)
  5 crimson imps
  3 centaur zombies
  A bullfrog zombie (D:6)
  2 bullfrog skeletons
  3 orc priests
  3 hounds
  2 jellies (D:7)
  2 centaur skeletons (D:6)
  8 orc wizards
  5 iguanas
  Ijyb (D:5)
  10 worker ants
  A killer bee zombie (D:6)
  3 hound zombies
  2 hound skeletons
  Robin (D:3)
  11 gnolls
  3 worker ant zombies (D:6)
  15 adders
  3 shadow imps
  3 oozes
  An adder zombie (D:8)
  3 adder skeletons
  2 dart slugs (D:2)
  4 worms
  6 leopard geckos
  31 orcs
  A ball python (D:3)
  9 giant cockroaches
  10 hobgoblins
  21 jackals
  9 quokkas
  2 bats (D:3)
  5 frilled lizards
  11 goblins
  5 jackal skeletons
  A jackal zombie (D:6)
  17 kobolds
  3 quokka skeletons
  A quokka zombie (D:6)
  12 rats
307 creatures vanquished.

Notes
Turn   | Place    | Note
-------+----------+-------------------------------------------
     0 | D:1      | galech the Demonspawn Monk began the quest for the Orb.
     0 | D:1      | Reached XP level 1. HP: 18/18 MP: 1/1
   118 | D:1      | Gained mutation: You are partially covered in sharp spines.
                  | [demonic ancestry]
   118 | D:1      | Reached XP level 2. HP: 8/24 MP: 2/2
  1020 | D:2      | Gained mutation: You have sharp toenails. [demonic
                  | ancestry]
  1020 | D:2      | Reached XP level 3. HP: 29/29 MP: 3/3
  1108 | D:2      | Reached skill level 3 in Axes
  1149 | D:2      | Reached skill level 1 in Armour
  1251 | D:2      | Gained mutation: You are partially covered in large bone
                  | plates. (SH +4) [demonic ancestry]
  1251 | D:2      | Reached XP level 4. HP: 34/37 MP: 4/4
  1791 | D:3      | Noticed Sigmund
  1985 | D:4      | Noticed an ogre
  1992 | D:4      | Killed an ogre
  1992 | D:4      | Reached skill level 4 in Axes
  1992 | D:4      | Gained mutation: You have razor-sharp toenails. [demonic
                  | ancestry]
  1992 | D:4      | Reached XP level 5. HP: 14/42 MP: 5/5
  2656 | D:4      | Gained mutation: You are mostly covered in sharp spines.
                  | [demonic ancestry]
  2656 | D:4      | Reached XP level 6. HP: 44/48 MP: 6/6
  2679 | D:4      | Found a staircase to the Ecumenical Temple.
  2702 | Temple   | Entered the Ecumenical Temple
  2733 | Temple   | Became a worshipper of Warmaster Okawaru
  2733 | Temple   | Reached * piety under Okawaru
  2733 | Temple   | Reached ** piety under Okawaru
  2791 | D:4      | Found an opulent altar of Gozag.
  3469 | D:3      | Killed Sigmund
  3469 | D:3      | Reached skill level 5 in Axes
  3469 | D:3      | Gained mutation: Your flesh is cold resistant. (rC+)
                  | [demonic ancestry]
  3469 | D:3      | Reached XP level 7. HP: 22/55 MP: 5/7
  3688 | D:3      | Found a hazy altar of Hepliaklqana.
  3876 | D:3      | Noticed Robin
  3887 | D:3      | Killed Robin
  4097 | D:5      | Entered Level 5 of the Dungeon
  4189 | D:5      | Noticed Ijyb
  4198 | D:5      | Reached *** piety under Okawaru
  4214 | D:5      | Killed Ijyb
  4487 | D:5      | Reached skill level 1 in Shields
  4497 | D:5      | Reached XP level 8. HP: 53/61 MP: 8/8
  4535 | D:5      | Found a transporter.
  4570 | D:5      | Found a transporter.
  4593 | D:5      | Reached skill level 5 in Fighting
  4601 | D:5      | Reached skill level 6 in Axes
  5326 | D:6      | Reached **** piety under Okawaru
  5326 | D:6      | Reached skill level 5 in Armour
  5441 | D:6      | Reached skill level 7 in Axes
  5504 | D:6      | Gained mutation: You are immune to freezing clouds.
                  | [demonic ancestry]
  5504 | D:6      | Reached XP level 9. HP: 61/68 MP: 9/9
  5811 | D:6      | Found a glowing silver altar of Zin.
  6550 | D:7      | Reached skill level 1 in Invocations
  6588 | D:7      | Reached skill level 8 in Axes
  6969 | D:7      | Noticed a moth of wrath
  6972 | D:7      | Found a bloodstained altar of Trog.
  7419 | D:8      | Reached skill level 5 in Shields
  7445 | D:8      | Reached ***** piety under Okawaru
  7824 | D:8      | Reached XP level 10. HP: 63/77 MP: 7/10
  7958 | D:8      | Got a fine platinum amulet
  7962 | D:8      | Identified the amulet "Tyjoset" {+Rage rElec rN+ MR+} (You
                  | took it off a kobold on level 8 of the Dungeon)
  8241 | D:8      | Identified the Compendium of Weightlessness and Ice
  8247 | D:8      | Found a white marble altar of Elyvilon.
  8249 | D:8      | Found a sacrificial altar of Ru.
  8249 | D:8      | Found a blossoming altar of Fedhas.
  8420 | D:8      | Found a transporter.
  9044 | D:9      | Reached skill level 9 in Axes
  9056 | D:9      | Received a gift from Okawaru
  9115 | D:9      | Paralysed by a hornet for 3 turns
  9536 | D:9      | Noticed a two-headed ogre
  9557 | D:9      | Killed a two-headed ogre
  9842 | D:9      | You fall through a shaft!
  9842 | D:10     | Entered Level 10 of the Dungeon
  9844 | D:10     | Found a sacrificial altar of Ru.
 10142 | D:10     | Slain by an ogre

Vault maps used:
D:1:      tarquinn_simple_flora_water_f
D:2:      first_ration, minmay_misc_feat_rugged, minmay_misc_feat_enclosed
D:3:      lemuel_doored_altar, uniq_robin, uniq_sigmund
D:4:      nicolae_gozag_seed_capital, temple_fountains
D:5:      gammafunk_steamed_eel, eino_small_chamber_without_monster, uniq_ijyb
D:6:      lemuel_coloured_pillars_altar, serial_undead, serial_undead_c,
          serial_undead_e, serial_undead_a, serial_undead_b, serial_undead_b,
          serial_undead_a, serial_undead_f, serial_undead_d, serial_undead_e,
          serial_undead_b, gup_sewer_entry_spiral, minmay_unpleasant_kobolds
D:7:      tgw_trog, nicolae_overflow_hidden_temple
D:8:      gammafunk_the_bubble, grunt_temple_overflow_diamond
D:9:      hangedman_pestilent_swarm
D:10:     kennysheep_orc_monster_closet_entryway, basic_loot_grate_trap,
          nicolae_ru_awakened_eye
Temple:   eino_temple_lava

Skill      XL: |  1  2  3  4  5  6  7  8  9 10 |
---------------+-------------------------------+-----
Dodging        | 3 |  3.7
Axes           | 3 4 5 7 8 9 |  9.8
Armour         | 1 2 3 4 5 6 |  6.5
Fighting       | 4 5 6 8 |  8.0
Shields        | 1 3 5 7 |  7.0
Stealth        | 2 |  2.1
Invocations    | 1 |  1.7

Action                   |  1- 3 |  4- 6 |  7- 9 | 10-12 || total
-------------------------+-------+-------+-------+-------++-------
Melee: Hand axe          |    90 |   116 |   572 |   368 ||  1146
       Kick              |     5 |    40 |    28 |       ||    73
Invok: Heroism           |       |     2 |     6 |     4 ||    12
  Use: Scroll            |       |       |     9 |     4 ||    13
 Stab: Distracted        |       |       |       |     1 ||     1
  Eat: Chunk             |     1 |     7 |    12 |    10 ||    30
       Ration            |       |       |     2 |       ||     2
Armor: Robe              |     2 |       |       |       ||     2
       Plate armour      |    34 |    70 |   276 |   125 ||   505
       Chain mail        |    10 |       |       |       ||    10
Dodge: Dodged            |    18 |    17 |    48 |    43 ||   126
Block: Other             |       |    22 |       |       ||    22
       Shield            |       |       |   372 |   255 ||   627

Table legend:
 A = Non-vault XP
 B = Vault XP
 C = Vault XP percentage of total XP
 D = Non-vault monster count
 E = Vault monster count
 F = Vault count percentage of total count
                 A         B        C        D         E       F
            +---------+---------+-------+---------+---------+-------
      Total |    8710 |    1887 |  17.8 |     249 |      58 |  18.9
            +---------+---------+-------+---------+---------+-------
        D:1 |      25 |       0 |   0.0 |      16 |       0 |   0.0
        D:2 |      80 |       0 |   0.0 |      23 |       0 |   0.0
        D:3 |      84 |     252 |  75.0 |      35 |       9 |  20.5
        D:4 |     445 |       0 |   0.0 |      21 |       0 |   0.0
        D:5 |     787 |     145 |  15.6 |      22 |       3 |  12.0
        D:6 |    1074 |     605 |  36.0 |      19 |      31 |  62.0
        D:7 |    1176 |      17 |   1.4 |      33 |       5 |  13.2
        D:8 |    2049 |       0 |   0.0 |      42 |       0 |   0.0
        D:9 |    1809 |     614 |  25.3 |      20 |       4 |  16.7
       D:10 |    1181 |     254 |  17.7 |      18 |       6 |  25.0
            +---------+---------+-------+---------+---------+-------
